 Dungeon Crawl Stone Soup version 0.30-a0-6-g7c9e10e132 (webtiles) character file.

Game seed: 10111664416748677650

77 SensoryNuts the Trooper (level 4, 0/40 HPs)
             Began as a Hill Orc Fighter on Aug 22, 2022.
             Succumbed to an adder's poison
             ... on level 2 of the Dungeon.
             The game lasted 00:01:52 (1513 turns).

SensoryNuts the Trooper (Hill Orc Fighter)          Turns: 1513, Time: 00:01:53

Health: 0/40       AC:  7    Str: 20    XL:     4   Next: 34%
Magic:  4/4        EV:  8    Int:  8    God:
Gold:   89         SH:  8    Dex: 10    Spells: 3/3 levels left

rFire   . . .      SeeInvis .    a - +0 war axe
rCold   . . .      Faith    .    e - +0 kite shield
rNeg    . . .      Spirit   .    b - +0 scale mail
rPois   .          Reflect  .    (no helmet)
rElec   .          Harm     .    (no cloak)
rCorr   .          Rampage  .    (no gloves)
Will    .....                    (no boots)
Stlth   ..........               (no amulet)
HPRegen 0.13/turn                (no ring)
MPRegen 0.09/turn                (no ring)

@: mighty, lethally poisoned (0 -> -2)
A: no striking features
a: no special abilities


You were on level 2 of the Dungeon.
You visited 1 branch of the dungeon, and saw 2 of its levels.

You collected 89 gold pieces.

Inventory:

Hand Weapons
 a - a +0 war axe (weapon)
Armour
 b - a +0 scale mail (worn)
 e - a +0 kite shield (worn)
Jewellery
 g - a ring of positive energy
Scrolls
 c - a scroll of amnesia {unknown}
 f - 2 scrolls of identify
 l - a scroll of teleportation {unknown}
Potions
 h - a potion of flight
 i - a potion of attraction
 k - 2 potions of invisibility


   Skills:
 + Level 4.0 Fighting
 + Level 3.9 Axes
 + Level 4.0 Armour
 + Level 0.4 Dodging
 + Level 3.9 Shields


You had 3 spell levels left.
You didn't know any spells.
Your spell library contained the following spells:

 Spells                   Type           Power      Damage    Failure   Level
 Beastly Appendage        Tmut           0%         N/A       98%         1
 Wereblood                Tmut           0%         N/A       99%         2
 Spider Form              Tmut/Pois      0%         N/A       100%        3
 Leda's Liquefaction      Hex/Erth       0%         N/A       100%        4
 Lee's Rapid Deconstruct  Erth           0%         3d5*      100%        5
 Statue Form              Tmut/Erth      0%         N/A       100%        6


Dungeon Overview and Level Annotations

Branches:
Dungeon (2/15)

Altars:
The Shining One


Message History

You block the adder's attack. The adder bites you.
You are poisoned.
The adder poisons you!
Unknown command.
You miss the adder.
The adder is severely wounded.
You feel sick.
The adder bites you but does no damage. x2
You closely miss the adder.
The adder is severely wounded.
You feel sick. The adder bites you.
* * * LOW HITPOINT WARNING * * *
You block the adder's attack.
You barely miss the adder.
The adder is severely wounded.
You feel sick. The adder bites you.
* * * LOW HITPOINT WARNING * * *
You are more poisoned.
The adder poisons you!
You hit the adder.
The adder is almost dead.
* * * LOW HITPOINT WARNING * * *
You feel very sick.
The adder bites you but does no damage. x2
Unknown command.
You closely miss the adder.
The adder is almost dead.
* * * LOW HITPOINT WARNING * * *
You feel sick. The adder barely misses you. The adder bites you.
* * * LOW HITPOINT WARNING * * *
Unknown command.
You feel very mighty all of a sudden.
* * * LOW HITPOINT WARNING * * *
You feel sick. You block the adder's attack. x2
You closely miss the adder.
The adder is almost dead.
* * * LOW HITPOINT WARNING * * *
You feel sick. You block the adder's attack.
You miss the adder.
The adder is almost dead.
You die...

#..≈.....≈...
#.#.≈........
#.##.§.......
####.###.§....§
#.......#.≈≈.≈§.
#.##.##.##..§.§#
#.##.##.####.###
#.##....S....#
#.#####@##
#.#####.#
#.......#
#########


You could see an adder.

Vanquished Creatures
  4 gnolls (D:2)
  3 dart slugs
  3 endoplasms
  3 giant cockroaches
  3 goblins
  2 hobgoblins (D:1)
  A kobold (D:1)
  2 quokkas (D:2)
  5 ball pythons
  3 bats (D:1)
  4 rats
33 creatures vanquished.

Notes
Turn   | Place    | Note
-------+----------+-------------------------------------------
     0 | D:1      | SensoryNuts the Hill Orc Fighter began the quest for the
                  | Orb.
     0 | D:1      | Reached XP level 1. HP: 19/19 MP: 1/1
   247 | D:1      | Reached XP level 2. HP: 21/27 MP: 2/2
  1001 | D:2      | Found a glowing golden altar of the Shining One.
  1016 | D:2      | Reached XP level 3. HP: 31/33 MP: 3/3
  1321 | D:2      | Found a faded altar of an unknown god.
  1345 | D:2      | Reached XP level 4. HP: 26/40 MP: 4/4
  1511 | D:2      | HP: 2/40 [poisoned by an adder]
  1513 | D:2      | Succumbed to an adder's poison

Illustrated notes

Levels and vault maps discovered:
D:1:      onia_arrival_pyramid, layout_basic, hangedman_decor_lopped,
          serial_bayou_crossing
D:2:      layout_loops_ring, basic_altar,
          shapermc_ecumenical_altar_starsandcircs

Skill      XL: |  1  2  3 |
---------------+----------+-----
Axes           | 3 |  3.9
Fighting       | 4 |  4.0
Armour         | 4 |  4.0
Dodging        | |  0.4
Shields        | |  3.9

Action                   |  1- 3 |  4- 6 || total
-------------------------+-------+-------++-------
Melee: War axe           |    68 |    26 ||    94
  Use: Scroll            |     4 |       ||     4
       Potion            |     4 |     2 ||     6
Armor: Scale mail        |    31 |    15 ||    46
Dodge: Dodged            |    18 |     8 ||    26
Block: Buckler           |     5 |       ||     5
       Kite shield       |    28 |    14 ||    42

Table legend: (Time is in decaauts)
 A = Elapsed time spent in this place.
 B = Non-inter-level travel time spent in this place.
 C = Inter-level travel time spent in this place.
 D = Time resting spent in this place.
 E = Time spent auto-exploring this place.
 F = Levels seen in this place.
 G = Mean time per level.
                   A        B        C        D        E       F      G
               +--------+--------+--------+--------+--------+-----+--------+
         Total |   1561 |   1523 |     38 |      0 |   1249 |   2 |  780.5 |
       Dungeon |   1561 |   1523 |     38 |      0 |   1249 |   2 |  780.5 |
               +--------+--------+--------+--------+--------+-----+--------+

Top non-repeatable levels by time:
     D:1: 1021 daAuts
     D:2: 539 daAuts
